 Dungeon Crawl Stone Soup version 0.29.0-7-g18a832c13a (webtiles) character file.

Game seed: 7113308286867421740

61 Iusername the Conjurer (level 4, -1/30 HPs)
             Began as a Human Conjurer on Aug 30, 2022.
             Slain by a goblin
             ... wielding a +0 club
              (4 damage)
             ... on level 3 of the Dungeon.
             The game lasted 00:07:05 (3008 turns).

Iusername the Conjurer (Human Conjurer)             Turns: 3008, Time: 00:07:06

Health: -1/30      AC:  3    Str:  9    XL:     4   Next: 27%
Magic:  5/7        EV: 12    Int: 19    God:
Gold:   75         SH:  0    Dex: 11    Spells: 4/7 levels left

rFire   . . .      SeeInvis .   f - +2 spear (freeze)
rCold   + . .      Faith    .   (no shield)
rNeg    . . .      Spirit   .   a - +0 robe
rPois   .          Reflect  .   (no helmet)
rElec   .          Harm     .   l - +0 cloak
rCorr   .          Rampage  .   (no gloves)
Will    .....                   (no boots)
Stlth   ++........              (no amulet)
HPRegen 0.10/turn               h - ring of protection from cold
MPRegen 0.10/turn               k - ring of wizardry

@: no status effects
A: no striking features
a: no special abilities


You were on level 3 of the Dungeon.
You visited 1 branch of the dungeon, and saw 4 of its levels.

You collected 75 gold pieces.

Inventory:

Hand Weapons
 f - a +2 spear of freezing (weapon)
Armour
 a - a +0 robe (worn)
 l - a +0 cloak (worn)
Jewellery
 h - a ring of protection from cold (left hand)
 k - a ring of wizardry (right hand)
Scrolls
 d - a scroll of blinking {unknown}
 e - a scroll of noise {unknown}
 j - a scroll of vulnerability {unknown}
 m - a scroll of enchant armour {unknown}
 n - a scroll of teleportation {unknown}
Potions
 b - a potion of magic
 c - a potion of haste {unknown}
 g - 2 potions of flight {unknown}


   Skills:
 + Level 0.1 Fighting
 + Level 0.1 Polearms
 + Level 2.0 Dodging
 + Level 2.6 Stealth
 + Level 0.1 Unarmed Combat
 + Level 2.2 Spellcasting
 + Level 5.0 Conjurations


You had 4 spell levels left.
You knew the following spells:

 Your Spells              Type           Power      Damage    Failure   Level
a - Magic Dart            Conj           84%        1d7       1%          1
b - Searing Ray           Conj           42%        2d6       1%          2

Your spell library contained the following spells:

 Spells                   Type           Power      Damage    Failure   Level
 Dazzling Flash           Conj/Hex       22%        N/A       7%          3
 Fulminant Prism          Conj/Hex       5%         3d7       22%         4
 Iskenderun's Mystic Bla  Conj/Tloc      11%        2d4       22%         4


Dungeon Overview and Level Annotations

Branches:
Dungeon (4/15)
 Temple: D:4-7

Altars:


Message History

The goblin barely misses you.
You completely miss the jackal. The jackal completely misses you.
The goblin closely misses you.
You barely miss the jackal. The jackal barely misses you.
The goblin hits you but does no damage.
The jackal bites you but does no damage.
Nothing quivered!
Casting: Magic Dart (safe; 1% risk of failure)
Confirm with . or Enter, or press ? or * to list all spells.
Aiming: Magic Dart (safe; 1% risk of failure)
Press: ? - help, Shift-Dir - straight line, f - jackal
Aim: a jackal (100% to hit)
The magic dart hits the jackal.
The jackal is moderately wounded.
The jackal bites you but does no damage.
The goblin closely misses you.
Casting: Magic Dart (safe; 1% risk of failure)
Confirm with . or Enter, or press ? or * to list all spells.
Aiming: Magic Dart (safe; 1% risk of failure)
Press: ? - help, Shift-Dir - straight line, f/p - jackal
Aim: a jackal (moderately wounded, 100% to hit)
The magic dart hits the jackal.
The jackal is severely wounded.
The jackal bites you.
* * * LOW HITPOINT WARNING * * *
The goblin hits you but does no damage. The jackal bites you.
* * * LOW HITPOINT WARNING * * *
You closely miss the jackal.
The jackal is severely wounded.
The jackal closely misses you. The goblin hits you but does no damage.
You hit the jackal but do no damage.
The jackal is severely wounded.
The jackal barely misses you. The goblin misses you.
The jackal closely misses you.
You hit the jackal. You freeze the jackal.
You kill the jackal!
The goblin hits you with a +0 club.
* * * LOW HITPOINT WARNING * * *
The goblin hits you with a +0 club.
You die...

########
#.......
#.......
#.....>. ####
######.......
..#
#............
#.#
#.####.......
##.####.#
#.......
###g@.....#
#.......
#.....#####
#.......
#..###.#
##.#####
....# #.#
#..# .g##..
#.# #.## #..
#.# . ...#
#.# ##$. #.#
.. #.#


You could see a goblin.

Vanquished Creatures
  2 adders (D:2)
  A worm (D:2)
  2 endoplasms
  2 giant cockroaches
  5 hobgoblins
  5 jackals
  4 kobolds
  A quokka (D:2)
  5 ball pythons
  3 bats
  A frilled lizard (D:2)
  3 goblins
  3 rats (D:2)
37 creatures vanquished.

Notes
Turn   | Place    | Note
-------+----------+-------------------------------------------
     0 | D:1      | Iusername the Human Conjurer began the quest for the Orb.
     0 | D:1      | Reached XP level 1. HP: 13/13 MP: 3/3
   930 | D:1      | Reached XP level 2. HP: 19/19 MP: 1/5
  1111 | D:1      | Found a faded altar of an unknown god.
  1689 | D:2      | Reached XP level 3. HP: 24/24 MP: 6/6
  2444 | D:2      | Learned a level 2 spell: Searing Ray
  2457 | D:2      | Reached XP level 4. HP: 15/30 MP: 7/7
  2917 | D:2      | Reached skill level 5 in Conjurations
  2937 | D:2      | You fall into a shaft and drop 1 floor!
  3008 | D:3      | Slain by a goblin

Illustrated notes

Levels and vault maps discovered:
D:1:      tarquinn_simple_flora_water_e, layout_basic,
          hellmonk_ecumenical_altar_zigzags, minmay_tall_x
D:2:      layout_basic, minmay_tetromino_s2
D:3:      layout_rooms, serial_shops, nicolae_shop_bloodbath_and_beyond,
          chequers_garden
D:4:      layout_basic, okawaru_metal_pillars_1_2, serial_undead,
          serial_undead_f, serial_undead_f, serial_undead_b, serial_undead_a,
          minmay_close_crescents

Skill      XL: |  1  2  3  4 |
---------------+-------------+-----
Conjurations   | 5 |  5.0
Fighting       | |  0.1
Polearms       | |  0.1
Dodging        | |  2.0
Stealth        | |  2.6
Unarmed Combat | |  0.1
Spellcasting   | |  2.2

Action                   |  1- 3 |  4- 6 || total
-------------------------+-------+-------++-------
Melee: Unarmed           |     9 |       ||     9
       Spear             |    23 |    30 ||    53
Throw: Boomerang         |     5 |       ||     5
 Cast: Magic Dart        |    40 |    14 ||    54
Armor: Robe              |     6 |    15 ||    21
Dodge: Dodged            |    14 |    31 ||    45
